 Dungeon Crawl Stone Soup version 0.28.0-43-g3370ac3207 (webtiles) character file.

Game seed: 3126765348229957719

91352 Gregoryblaze the Earth Mage (level 16, 0/76 HPs)
             Began as a Gargoyle Earth Elementalist on Mar 20, 2022.
             Was a High Priest of Vehumet.
             Slain by a salamander
             ... wielding a +0 halberd
              (26 damage)
             ... on level 1 of the Snake Pit.
             The game lasted 03:09:30 (34052 turns).

Gregoryblaze the Earth Mage (GrEE)                 Turns: 34052, Time: 03:09:30

Health: 0/76       AC: 12    Str: 15    XL:     16   Next: 3%
Magic:  20/34      EV: 23    Int: 24    God:    Vehumet [*****.]
Gold:   1024       SH:  0    Dex: 10    Spells: 1/44 levels left

rFire   . . .      SeeInvis .   (weapon currently unavailable)
rCold   . . .      Faith    .   (shield currently unavailable)
rNeg    + + +      Spirit   .   (armour currently unavailable)
rPois   ∞          Reflect  .   (helmet currently unavailable)
rElec   .          Harm     .   (cloak currently unavailable)
rCorr   .          Rampage  .   (gloves currently unavailable)
Will    +....                   (boots currently unavailable)
Stlth   ++++......              N - amulet of magic regeneration
HPRegen 0.22/turn               U - ring of wizardry
MPRegen 0.64/turn               Z - ring "Myenaced" {EV+4 Int+3}

@: fungus-form (expiring)
A: melee confuse, terrified, no casting, sickness immunity, AC +12, tiny, (big
wings), negative energy resistance 1, (electricity resistance), torment
resistance 1, petrification resistance
a: Renounce Religion


You were on level 1 of the Snake Pit.
You worshipped Vehumet.
Vehumet was extremely pleased with you.
You were a sentient fungus.
You visited 5 branches of the dungeon, and saw 24 of its levels.
You also visited: Gauntlet.

You collected 2336 gold pieces.
You spent 1312 gold pieces at shops.

Inventory:

Hand Weapons
 s - the +8 autumn katana {vorpal, manifold assault}
   (You found it on level 6 of the Lair of Beasts)

   It sometimes launches melee attacks against multiple visible enemies.
Missiles
 c - 664 stones
 z - 28 poisoned darts
 L - 12 curare-tipped darts
Armour
 b - the +0 pair of boots of the Komodo Dragon (melded) {Str+2 Int+3}
   (You bought it in a shop on level 2 of the Orcish Mines)

   Str:       It affects your strength (+2).
   Int:       It affects your intelligence (+3).
 p - a +2 pair of gloves of stealth (melded)
 u - the +0 helmet "Zenetoigho" (melded) {Int+3}
   (You found it on level 3 of the Lair of Beasts)

   Int:       It affects your intelligence (+3).
 I - the +3 leather armour of Integrity (melded) {Will+ rCorr}
   (You found it on level 4 of the Lair of Beasts)

   rCorr:     It protects you from acid and corrosion.
   Will:      It increases your willpower.
Magical Staves
 S - a staff of air (melded)
Jewellery
 i - a ring of protection from cold
 n - a ring of positive energy
 N - an amulet of magic regeneration (around neck)
 O - a +4 ring of protection
 U - a ring of wizardry (left hypha)
 Z - the ring "Myenaced" (right hypha) {EV+4 Int+3}
   (You found it in a Gauntlet)

   [ring of evasion]

   EV:        It affects your evasion (+4).
   Int:       It affects your intelligence (+3).
Wands
 h - a wand of digging (9)
 l - a wand of paralysis (7)
 x - a wand of polymorph (13)
 G - a wand of iceblast (32)
 X - a wand of acid (5)
Scrolls
 d - a scroll of blinking
 f - 7 scrolls of teleportation
 g - 2 scrolls of amnesia
 o - a scroll of summoning {unknown}
 q - 4 scrolls of enchant weapon
 r - 6 scrolls of vulnerability
 v - a scroll of fog
 w - a scroll of brand weapon {unknown}
 E - 4 scrolls of fear
 Y - a scroll of magic mapping {unknown}
Potions
 a - 4 potions of magic {unknown}
 e - 6 potions of haste
 j - 6 potions of curing
 k - 6 potions of lignification
 t - 10 potions of ambrosia
 A - 5 potions of heal wounds
 B - 2 potions of might {unknown}
 D - 6 potions of attraction
 F - 3 potions of brilliance {unknown}
 H - 2 potions of mutation
 J - 3 potions of cancellation
 K - 2 potions of invisibility {unknown}
 P - 2 potions of berserk rage
 Q - 4 potions of flight
Miscellaneous
 C - a condenser vane
 R - a lightning rod (4/4)


   Skills:
 - Level 0.1 Fighting
 + Level 4.6(4.7) Axes
 + Level 0.8(4.3) Polearms
 + Level 5.3(5.4) Staves
 + Level 7.4 Armour
 + Level 4.1 Dodging
 + Level 9.5 Stealth
 + Level 14.9 Spellcasting
 + Level 10.4 Conjurations
 - Level 1.0 Hexes
 - Level 2.1 Transmutations
 * Level 8.8 Air Magic
 * Level 15.5 Earth Magic


You had one spell level left.
You knew the following spells:

 Your Spells              Type           Power      Damage    Failure   Level
a - Sandblast             Erth           100%       2d20      0%          1
b - Passwall              Tmut/Erth      47%        N/A       1%          2
c - Stone Arrow           Conj/Erth      100%       3d13      1%          3
d - Petrify               Tmut/Erth      57%        N/A       1%          4
e - Iskenderun's Battles  Conj           61%        2d11      1%          5
f - Iron Shot             Conj/Erth      34%        9d7       1%          6
g - Airstrike             Air            28%        N/A       1%          4
h - Irradiate             Conj/Tmut      24%        3d21      1%          5
i - Orb of Destruction    Conj           30%        9d10      4%          7
j - Conjure Ball Lightni  Conj/Air       29%        3x3d8     1%          6

Your spell library contained the following spells:

 Spells                   Type           Power      Damage    Failure   Level
 Foxfire                  Conj/Fire      100%       2x1d9     1%          1
 Shock                    Conj/Air       100%       1d9       1%          1
 Sting                    Tmut/Pois      92%        1d7       1%          1
 Blink                    Tloc           34%        N/A       1%          2
 Ensorcelled Hibernation  Hex/Ice        40%        N/A       1%          2
 Poisonous Vapours        Pois/Air       78%        N/A       1%          2
 Searing Ray              Conj           100%       2d8       1%          2
 Swiftness                Air            57%        N/A       1%          3
 Fulminant Prism          Conj/Hex       22%        3d13      1%          4
 Spider Form              Tmut/Pois      23%        N/A       2%          3
 Portal Projectile        Hex/Tloc       40%        N/A       3%          3
 Summon Guardian Golem    Hex/Summ       20%        N/A       3%          3
 Ozocubu's Armour         Ice            17%        N/A       4%          3
 Olgreb's Toxic Radiance  Pois           17%        N/A       4%          4
 Anguish                  Hex/Necr       10%        N/A       11%         4
 Blade Hands              Tmut           14%        N/A       14%         5
 Spellforged Servitor     Conj/Summ      21%        N/A       30%         7
 Excruciating Wounds      Necr           8%         N/A       32%         5
 Manifold Assault         Tloc           17%        N/A       32%         5
 Shatter                  Erth           37%        3d30*     45%         9
 Storm Form               Tmut/Air       22%        N/A       69%         7
 Ozocubu's Refrigeration  Ice            8%         4d6       89%         7
 Chain Lightning          Conj/Air       29%        3d39      98%         9
 Fire Storm               Conj/Fire      21%        8d6       100%        9


Dungeon Overview and Level Annotations

Branches:
Dungeon (14/15)            Temple (1/1) D:6            Lair (6/6) D:8
 Shoals (0/4) Lair:2        Snake (1/4) Lair:4        Slime (0/5) Lair:5
    Orc (2/2) D:12            Elf (0/3) Orc:2        Vaults (0/5) D:13
Gauntlet (visited)

Altars:
Ashenzari
Cheibriados
Dithmenos
Elyvilon
Fedhas
Gozag
Hepliaklqana
Kikubaaqudgha
Makhleb
Nemelex Xobeh
Okawaru
Qazlal
Ru
Sif Muna
Trog
Uskayaw
Vehumet
Wu Jian
Xom
Yredelemnul
Zin
The Shining One
Jiyva
Lugonu

Shops:
Orc:1 (   Orc:2 ([*(:

Annotations:
Lair:2 3 runed translucent doors, Qoesoec's ghost, journeyman GrFi
Snake:1 Anonymone's ghost, adept DsVM


Innate Abilities, Weirdness & Mutations

You are a sentient fungus.
You are tiny and evasive.
Your melee attack releases spores that confuse breathing creatures.
You become terrified and freeze when enemies are visible.
Your armour is entirely melded.
You are incapable of wielding weapons or throwing items.
You cannot cast spells.
You are immune to sickness and miasma.
((Your stone body is resilient. (AC +12)))
You are immune to poison.
((Your large and strong wings let you fly.))
You resist negative energy. (rN+)
((You are resistant to electric shocks. (rElec)))
You are resistant to unholy torment.
You are immune to petrification.


Message History

You release spores at the naga.
The naga appears confused.
The naga is heavily wounded.
Your transformation is almost over.
You release spores at the naga but do no damage.
The naga appears confused.
The naga is heavily wounded.
You're too terrified to move while being watched!
The naga closely misses you.
A naga warrior comes into view. It is wielding a +0 battleaxe.
The naga completely misses you.
You release spores at the naga but do no damage.
The naga appears confused.
The naga is heavily wounded.
The naga misses you.
You release spores at the naga!
You kill the naga!
Vehumet accepts your kill.
You feel your power returning.
A naga comes into view. It is wielding a +0 mace.
The salamander hits you from afar with a +0 halberd.
You are engulfed in flames!
You completely miss the naga. The naga misses you. The naga closely misses you.
A naga comes into view. It is wielding a +0 hand axe.
The naga warrior roars a battlecry!
The nagas go into a battle-frenzy!
The naga shouts!
You hear a shout!
Unknown command.
The naga shouts!
You release spores at the naga but do no damage.
The salamander closely misses you. The naga spits poison at you.
The splash of poison hits you but does no damage.
You resist.
Unknown command.
You barely miss the naga. The naga warrior spits poison at you.
The splash of poison hits you but does no damage.
You resist.
The salamander hits you from afar with a +0 halberd!!
You die...

N. #..###....#.# # #N
#...##>##[N.#.# #....
#..##.......N....# #....###
N#...#.........######..
##.......
?N...#.........)......
.......#
(##..#......#<.N..### #.....#
#.##....>...)...##
######.....# #
#...#####.#.)..###......#....
#..## #.##f#....N..####..#.
#...# ..##N#.........[...))
....## ..).#N....#########.##
.... ....#..##....####....#
##...#.######....NN...#
###...# #...###....) #####
#...# ###.)) #... #.). ####
####


You could see a naga warrior, a salamander (strong) and 3 nagas.

Vanquished Creatures
  Gastronok (D:11)
  A stone giant (Orc:2)
  Azrael (Orc:2)
  The ghost of SuperSeabass the Severer, a journeyman HOFi of Fedhas (D:12)
  A green death (Gauntlet)
  3 ettins
  7 hydras
  A rakshasa (D:13)
  A vault guard (D:13)
  A boulder beetle (D:11)
  An ogre mage (D:11)
  2 naga warriors (Snake:1)
  A catoblepas (Lair:6)
  A centaur warrior (D:13)
  12 death yaks (Lair:6)
  2 two-headed ogres
  A deep troll shaman (Lair:6)
  Nergalle (Lair:3)
  Sonja (Lair:6)
  A phantasmal warrior (D:11)
  A lindwurm (Lair:6)
  3 orc knights
  A deep elf pyromancer (D:12)
  A wolf spider (D:13)
  An ugly thing (D:12)
  2 orc sorcerers
  2 manticores
  2 salamanders (Snake:1)
  10 cyclopes
  12 elephants
  A naga mage (Snake:1)
  Joseph (D:8)
  A torpor snail (Gauntlet)
  7 black mambas
  A guardian serpent (Snake:1)
  A merfolk siren (Lair:2)
  3 gargoyles
  15 cane toads
  6 rime drakes
  15 komodo dragons
  A tengu conjurer (D:13)
  An unseen horror (D:11)
  A queen bee (Lair:3)
  11 trolls
  A merfolk (Lair:2)
  3 hornets (Gauntlet)
  4 polar bears
  5 dream sheep (Lair:5)
  6 slime creatures
  20 blink frogs
  64 yaks
  Sigmund (D:2)
  7 wyverns
  A shadow (D:9)
  A vampire (D:13)
  3 wraiths
  3 fire elementals (Orc:2)
  3 basilisks
  3 steam dragons
  2 vampire mosquitoes (D:13)
  Menkaure (D:7)
  3 wargs
  11 nagas
  2 acid dragons (D:12)
  2 hell hounds (Orc:2)
  29 orc warriors
  16 water moccasins
  2 sky beasts
  2 black bears (Lair:6)
  2 ice beasts
  20 ogres
  A phantom (D:6)
  20 wolves
  3 centaurs
  5 kobold brigands
  9 bullfrogs
  3 gnoll sergeants
  A wyvern zombie (D:8)
  3 scorpions
  A wyvern skeleton (D:6)
  31 killer bees
  12 wights
  2 electric eels
  3 howler monkeys
  2 centaur zombies
  A lava snake (Lair:3)
  A bullfrog zombie (D:5)
  A jelly (D:7)
  3 iron imps (D:3)
  14 orc priests
  4 hounds
  2 bullfrog skeletons (D:5)
  A centaur skeleton (D:7)
  2 iguanas (D:5)
  25 orc wizards
  A killer bee zombie (D:8)
  A hound skeleton (D:4)
  A howler monkey skeleton (D:6)
  13 gnolls
  4 adders
  A shadow imp (D:6)
  A worm (D:4)
  6 dart slugs
  81 orcs
  9 bats
  9 endoplasms
  5 giant cockroaches
  6 hobgoblins
  2 jackals (D:1)
  2 quokkas
  9 ball pythons
  4 frilled lizards
  12 goblins
  17 kobolds
  4 rats
  A fulminant prism (D:12)
697 creatures vanquished.

Vanquished Creatures (collateral kills)
  2 ball lightnings (Lair:6)
2 creatures vanquished.

Vanquished Creatures (others)
  54 ball lightnings
  A bush (Lair:6)
  3 demonic plants
  15 foxfires (D:8)
  9 fulminant prisms
  86 fungi
  55 plants
223 creatures vanquished.

Grand Total: 922 creatures vanquished

Notes
Turn   | Place    | Note
-------+----------+-------------------------------------------
     0 | D:1      | Gregoryblaze the Gargoyle Earth Elementalist began the
                  | quest for the Orb.
     0 | D:1      | Reached XP level 1. HP: 10/10 MP: 3/3
   102 | D:1      | Reached XP level 2. HP: 15/15 MP: 0/5
   105 | D:1      | Foot
   162 | D:1      | Learned a level 2 spell: Passwall
   238 | D:1      | Reached skill level 4 in Earth Magic
   695 | D:1      | Found a faded altar of an unknown god.
   704 | D:1      | Reached XP level 3. HP: 19/19 MP: 4/6
  1636 | D:2      | Noticed Sigmund
  1679 | D:2      | Killed Sigmund
  1680 | D:2      | Reached skill level 5 in Earth Magic
  1680 | D:2      | Reached XP level 4. HP: 24/24 MP: 1/10
  1680 | D:2      | Reached XP level 5. HP: 28/28 MP: 1/11
  1876 | D:2      | Learned a level 3 spell: Stone Arrow
  2349 | D:3      | Reached XP level 6. HP: 28/32 MP: 12/12
  2490 | D:3      | Found a hide-covered altar of Uskayaw.
  2757 | D:3      | Found a burning altar of Makhleb.
  2794 | D:3      | Reached skill level 6 in Earth Magic
  3986 | D:4      | Reached skill level 1 in Armour
  4272 | D:4      | Reached XP level 7. HP: 32/36 MP: 14/14
  4651 | D:4      | Reached skill level 1 in Axes
  4651 | D:4      | Reached skill level 5 in Spellcasting
  4822 | D:5      | Entered Level 5 of the Dungeon
  5440 | D:5      | Reached skill level 7 in Earth Magic
  5475 | D:5      | Found a stormy altar of Qazlal.
  5480 | D:5      | Found a shimmering altar of Xom.
  5492 | D:5      | Reached XP level 8. HP: 11/41 MP: 11/16
  6887 | D:5      | HP: 2/41 [wight/+0 great sword (8)]
  6892 | D:5      | Reached skill level 8 in Earth Magic
  7711 | D:6      | Reached skill level 1 in Conjurations
  7711 | D:6      | Reached XP level 9. HP: 45/45 MP: 12/19
  7760 | D:6      | Found a staircase to the Ecumenical Temple.
  7762 | D:6      | Found a snail-covered altar of Cheibriados.
  7874 | Temple   | Entered the Ecumenical Temple
  7891 | Temple   | Became a worshipper of Vehumet
  8025 | D:6      | Reached skill level 9 in Earth Magic
  8150 | D:6      | Found a glowing golden altar of the Shining One.
  8505 | D:6      | Found an ornate altar of the Wu Jian Council.
  8920 | D:7      | Noticed Menkaure
  8923 | D:7      | Killed Menkaure
  9028 | D:7      | Found a broken altar of Ashenzari.
  9382 | D:7      | Reached * piety under Vehumet
  9382 | D:7      | Offered knowledge of Foxfire by Vehumet.
  9879 | D:7      | Learned a level 4 spell: Petrify
  9933 | D:7      | Found a hazy altar of Hepliaklqana.
  9934 | D:7      | Noticed a gargoyle
  9935 | D:7      | Found a faded altar of an unknown god.
  9942 | D:7      | Killed a gargoyle
  9943 | D:7      | Reached XP level 10. HP: 13/50 MP: 8/21
 10519 | D:8      | Reached skill level 10 in Earth Magic
 10521 | D:8      | Learned a level 1 spell: Foxfire
 10666 | D:8      | Noticed Joseph
 10697 | D:8      | Killed Joseph
 10698 | D:8      | Reached skill level 1 in Staves
 10940 | D:8      | Found a basalt altar of Yredelemnul.
 11513 | D:8      | Found a staircase to the Lair.
 11524 | D:8      | Offered knowledge of Searing Ray by Vehumet.
 11529 | D:8      | Learned a level 2 spell: Searing Ray
 11884 | D:9      | Reached ** piety under Vehumet
 11888 | D:9      | Reached skill level 5 in Conjurations
 12074 | D:9      | Found a white marble altar of Elyvilon.
 13085 | D:9      | Reached XP level 11. HP: 54/54 MP: 21/24
 13089 | D:9      | Offered knowledge of Dazzling Flash by Vehumet.
 13090 | D:9      | Reached skill level 5 in Stealth
 13418 | D:9      | Found an iron altar of Okawaru.
 13599 | D:10     | Entered Level 10 of the Dungeon
 13641 | D:9      | Reached *** piety under Vehumet
 14628 | D:10     | Noticed a two-headed ogre
 14635 | D:10     | Killed a two-headed ogre
 14760 | D:10     | Found a shimmering blue altar of Sif Muna.
 14822 | D:10     | Found a glowing silver altar of Zin.
 15147 | D:10     | Offered knowledge of Fulminant Prism by Vehumet.
 15148 | D:10     | Reached skill level 10 in Spellcasting
 15839 | D:11     | Learned a level 4 spell: Fulminant Prism
 16029 | D:11     | Noticed a boulder beetle
 16033 | D:11     | Noticed a cyclops
 16038 | D:11     | Noticed a phantasmal warrior
 16239 | D:11     | Noticed Gastronok
 16266 | D:11     | Found a runed translucent gate.
 16266 | D:11     | Found a runed translucent gate.
 16266 | D:11     | Found a runed translucent gate.
 16271 | D:11     | Noticed SuperSeabass's ghost (journeyman HOFi)
 16271 | D:11     | Noticed an ogre mage
 16545 | D:11     | Killed Gastronok
 16691 | D:11     | Noticed an eight-headed hydra
 16721 | D:11     | Killed an eight-headed hydra
 16722 | D:11     | Reached XP level 12. HP: 50/59 MP: 14/26
 17559 | D:12     | Learned a level 4 spell: Airstrike
 18280 | D:12     | Reached skill level 1 in Air Magic
 18507 | D:12     | Reached skill level 5 in Armour
 19082 | D:12     | Reached **** piety under Vehumet
 19223 | D:12     | Offered knowledge of Irradiate by Vehumet.
 19455 | D:12     | Found a staircase to the Orcish Mines.
 20559 | D:13     | Found a gate leading to a gauntlet.
 20607 | Gauntlet | Entered a Gauntlet
 20607 | Gauntlet | Found a transporter.
 20607 | Gauntlet | Found a transporter.
 20610 | Gauntlet | Found a transporter.
 20624 | Gauntlet | Found a transporter.
 20626 | Gauntlet | Found a transporter.
 20640 | Gauntlet | Found a transporter.
 20642 | Gauntlet | Found a transporter.
 20648 | Gauntlet | Noticed a five-headed hydra
 20699 | Gauntlet | Found a transporter.
 20702 | Gauntlet | Found a transporter.
 20702 | Gauntlet | Found a transporter.
 20706 | Gauntlet | Noticed a green death
 20721 | Gauntlet | Found a transporter.
 20775 | Gauntlet | Found a transporter.
 20785 | Gauntlet | Found a transporter.
 20795 | Gauntlet | Found a transporter.
 21118 | Gauntlet | Reached skill level 5 in Staves
 21130 | Gauntlet | Killed a five-headed hydra
 21136 | Gauntlet | Identified the ring "Myenaced" {EV+4 Int+3}
 21288 | Gauntlet | Killed a green death
 21324 | Gauntlet | Noticed a minotaur
 21417 | D:13     | Noticed a centaur warrior
 21525 | D:13     | Killed a centaur warrior
 21526 | D:13     | Reached skill level 1 in Hexes
 21556 | D:13     | Learned a level 5 spell: Irradiate
 21617 | D:13     | Reached XP level 13. HP: 63/63 MP: 16/28
 21692 | D:13     | Reached skill level 1 in Transmutations
 21761 | D:13     | Learned a level 7 spell: Orb of Destruction
 21954 | D:13     | Noticed a rakshasa
 21960 | D:13     | Killed a rakshasa
 22006 | D:13     | Found a gate to the Vaults.
 22006 | D:13     | Noticed a vault guard
 22030 | D:13     | Killed a vault guard
 22366 | Lair:1   | Entered Level 1 of the Lair of Beasts
 22753 | Lair:1   | Reached ***** piety under Vehumet
 22753 | Lair:1   | Offered knowledge of Iron Shot by Vehumet.
 23448 | Lair:2   | Learned a level 6 spell: Iron Shot
 23539 | Lair:2   | Reached skill level 5 in Air Magic
 23603 | Lair:2   | Noticed an ice dragon
 23604 | Lair:2   | Noticed Qoesoec's ghost (journeyman GrFi)
 23906 | D:12     | Killed SuperSeabass's ghost
 24501 | Lair:2   | Found a runed translucent gate.
 24501 | Lair:2   | Found a runed translucent gate.
 24502 | Lair:2   | Found a runed translucent gate.
 24554 | Lair:2   | Gained mutation: Your large and strong wings let you fly.
                  | [Gargoyle growth]
 24554 | Lair:2   | Reached XP level 14. HP: 68/68 MP: 20/30
 24873 | Lair:2   | Reached skill level 10 in Conjurations
 24943 | Lair:2   | Found a staircase to the Shoals.
 25101 | Lair:3   | Reached skill level 11 in Earth Magic
 25242 | Lair:3   | Identified the +0 helmet "Zenetoigho" {Int+3}
 25462 | Lair:3   | Noticed Nergalle
 25466 | Lair:3   | Killed Nergalle
 26261 | Lair:4   | Reached skill level 12 in Earth Magic
 26265 | Lair:4   | Offered knowledge of Sticky Flame by Vehumet.
 26285 | Lair:4   | Identified the +3 leather armour of Integrity {Will+ rCorr}
 26384 | Lair:4   | Identified the +0 robe "Porejo" {rN+ Will- Regen+}
 26690 | Lair:4   | Found a staircase to the Snake Pit.
 26780 | Lair:4   | You are sucked into a shaft and drop 1 floor!
 26780 | Lair:5   | Found a viscous altar of Jiyva.
 26780 | Lair:5   | Found a staircase to the Slime Pits.
 27442 | Lair:5   | Identified the +2 ring mail of the Valley of Death {Will+}
 28159 | Lair:4   | Reached skill level 13 in Earth Magic
 28413 | Lair:6   | Entered Level 6 of the Lair of Beasts
 28570 | Lair:6   | Noticed Sonja
 28632 | Lair:6   | Killed Sonja
 28778 | Lair:6   | Reached skill level 14 in Earth Magic
 28898 | Lair:6   | Reached XP level 15. HP: 57/72 MP: 2/32
 29613 | Lair:6   | Offered knowledge of Conjure Ball Lightning by Vehumet.
 29670 | Lair:6   | Learned a level 6 spell: Conjure Ball Lightning
 30067 | Lair:6   | Found the +8 autumn katana {vorpal, manifold assault}
 30073 | Lair:6   | Reached skill level 15 in Earth Magic
 30901 | Orc:1    | Entered Level 1 of the Orcish Mines
 31311 | Orc:1    | Paralysed by an orc sorcerer for 5 turns
 31547 | Orc:1    | Found Ydezox's Weapon Boutique.
 31641 | Orc:2    | Entered Level 2 of the Orcish Mines
 31641 | Orc:2    | Found Fopp's Antique Weapon Emporium.
 31897 | Orc:2    | Noticed Azrael
 31904 | Orc:2    | Killed Azrael
 32127 | Orc:2    | Offered knowledge of Iskenderun's Battlesphere by Vehumet.
 32422 | Orc:2    | Found Jonwuu Gaass's Book Shoppe.
 32450 | Orc:2    | Bought a book of Annihilations for 960 gold pieces
 32725 | Orc:2    | Found Angaker's General Store.
 32759 | Orc:2    | Bought a scroll of blinking for 105 gold pieces
 32815 | Orc:2    | Found Siotaoza's Weapon Shop.
 33342 | Orc:2    | Found a staircase to the Elven Halls.
 33344 | Orc:2    | Found Remp's Antique Armour Emporium.
 33352 | Orc:2    | Bought a pair of faintly humming boots for 247 gold pieces
 33352 | Orc:2    | Identified the +0 pair of boots of the Komodo Dragon {Str+2
                  | Int+3} (You bought it in a shop on level 2 of the Orcish
                  | Mines)
 33864 | Snake:1  | Entered Level 1 of the Snake Pit
 33936 | Snake:1  | Found a bloodstained altar of Trog.
 33936 | Snake:1  | Noticed Anonymone's ghost (adept DsVM)
 33957 | Snake:1  | Learned a level 5 spell: Iskenderun's Battlesphere
 33993 | Snake:1  | Reached XP level 16. HP: 45/76 MP: 11/34
 34052 | Snake:1  | Slain by a salamander

Illustrated notes

.# ###.#
.#####...#
.........######.
######..........
###.#####. #.#
## #†# .. #.#
#####.# #.#
#.†@..#
#.#####.#####
#.......#
#########


Turn 105 on D:1: Foot

Levels and vault maps discovered:
D:1:      dpeg_arrival_short_road, layout_loops_ring,
          ebering_ecumenical_altar_hall, minmay_misc_feat_tower
D:2:      layout_basic, minmay_indecisive_spiral, uniq_sigmund
D:3:      layout_basic, eat_drink_and_be_merry_uskayaw, demons_altar,
          nicolae_concentric_dashed_squares_mild, minivault_11,
          lemuel_flame_loot_1
D:4:      layout_basic, minmay_cupped
D:5:      layout_gridville, grunt_temple_overflow_open, kennysheep_donut
D:6:      layout_rooms, lemuel_crystal_altar, amcnicky_altar_gilded,
          nicolae_wu_jian_glorious_leap, temple_pool_b, serial_glass,
          glass_columns_b, glass_columns_a
D:7:      layout_basic, beargit_hepliaklqana_dungeon_heroes,
          nicolae_ashenzari_panopticon, minmay_circle_x, uniq_menkaure
D:8:      layout_gridville, kennysheep_mini_moat, lair_entry_dummy, uniq_joseph
D:9:      layout_roguey, mainiacjoe_overflow_tiny_flanked,
          nicolae_elyvilon_temple_path, special_room [special_room_orc]
D:10:     layout_basic, mainiacjoe_overflow_catwalk,
          nicolae_sif_muna_condensation
D:11:     layout_basic, gammafunk_ghost_split, uniq_gastronok
D:12:     layout_cave_pools, kennysheep_orc_monster_closet_entryway,
          special_room [special_room_orc]
D:13:     layout_basic, david_vaults_5, gauntlet_entry_generic
D:14:     layout_gridville, serial_shops, kennysheep_mini,
          hangedman_abyss_or_decor_jellyfish_corner,
          nicolae_ru_sacrificial_ziggurat
Temple:   corrupted_temple
Lair:1:   layout_regular_city, beast_lair_carwin_2
Lair:2:   layout_loops_ring, elwin_shoals_entry_rooms, gammafunk_ghost_icy
Lair:3:   layout_gridlike, special_room [special_room_bee], lemuel_fruit_fields,
          serial_bayou_shore_a, grunt_megastairs_3, lemuel_fruit_tree,
          uniq_nergalle
Lair:4:   layout_gridlike, minmay_snake_entry_guardpost_medium, serial_rivers,
          chequers_serial_rivers_small_a, chequers_serial_rivers_micro_a,
          chequers_serial_rivers_small_a, chequers_serial_rivers_micro_e
Lair:5:   layout_layer_cave, slime_altar_1, grunt_megastairs_5
Lair:6:   grunt_lair_end_beastmaster, layout_regular_city, uniq_sonja
Snake:1:  layout_misc_corridors, gammafunk_ghost_wrathful_warriors
Orc:1:    layout_caves, serial_shops, shop_coins
Orc:2:    grunt_orc_gardens, layout_diamond_mine, grunt_orc_garden,
          grunt_orc_garden, grunt_orc_garden, grunt_orc_garden, serial_shops,
          nicolae_shop_bloodbath_and_beyond, uniq_azrael

Skill      XL: |  1  2  3  4  5  6  7  8  9 10 11 12 13 14 15 |
---------------+----------------------------------------------+-----
Earth Magic    | 4 5 6 7 8 9 10 14 15 | 15.5
Spellcasting   | 4 5 6 7 9 10 11 12 13 14 | 14.9
Armour         | 1 2 4 6 7 |  7.4
Axes           | 2 3 4 |  4.6
Dodging        | 2 3 4 |  4.1
Conjurations   | 1 3 6 8 9 10 | 10.4
Staves         | 2 4 5 |  5.3
Stealth        | 4 7 8 9 |  9.5
Air Magic      | 2 5 6 8 |  8.8
Hexes          | 1 |  1.0
Transmutations | 2 |  2.1
Fighting       | |  0.1
Polearms       | |  0.8

Action                   |  1- 3 |  4- 6 |  7- 9 | 10-12 | 13-15 | 16-18 || total
-------------------------+-------+-------+-------+-------+-------+-------++-------
Melee: Unarmed           |     1 |       |       |       |       |     8 ||     9
       Dagger            |    18 |       |       |       |       |       ||    18
       Spear             |    38 |    36 |       |       |       |       ||    74
       War axe           |       |    32 |   114 |       |       |       ||   146
       Quarterstaff      |       |       |       |    91 |       |       ||    91
       Staff             |       |       |       |    25 |   237 |       ||   262
       Punch             |       |       |       |     1 |     2 |       ||     3
 Cast: Sandblast         |    39 |    23 |    38 |     2 |    18 |       ||   120
       Stone Arrow       |       |     2 |    82 |   416 |   281 |       ||   781
       Foxfire           |       |       |       |    10 |       |       ||    10
       Petrify           |       |       |       |    11 |     1 |       ||    12
       Passwall          |       |       |       |     1 |       |       ||     1
       Fulminant Prism   |       |       |       |    10 |       |       ||    10
       Searing Ray       |       |       |       |     1 |     1 |       ||     2
       Airstrike         |       |       |       |     4 |   138 |       ||   142
       Irradiate         |       |       |       |       |    38 |       ||    38
       Iron Shot         |       |       |       |       |   181 |     5 ||   186
       Orb of Destructio |       |       |       |       |     7 |       ||     7
       Conjure Ball Ligh |       |       |       |       |    21 |       ||    21
       Iskenderun's Batt |       |       |       |       |     1 |       ||     1
  Use: Scroll            |       |       |     4 |    13 |     9 |     1 ||    27
       Potion            |       |       |     1 |     1 |     2 |       ||     4
 Stab: Sleeping          |     6 |     1 |     3 |       |       |       ||    10
Armor: Robe              |     9 |       |       |       |       |       ||     9
       Leather armour    |     1 |    28 |    58 |       |   102 |       ||   189
       Steam dragon scal |       |       |     7 |   134 |       |       ||   141
       Troll leather arm |       |       |       |    38 |   121 |       ||   159
       Skin              |       |       |       |       |       |     1 ||     1
Dodge: Dodged            |    35 |    44 |    84 |   205 |   496 |    11 ||   875
